TOP OF THE 1ST |
Boston Red Sox batting - Pitching for Cleveland Spiders : RHP Richard Stumpp
|
Pitching: RHP Richard Stumpp
|
|
Batting: SHB Nelson Norman
|
0-0: Ground out 6-3 (Groundball, 6, EV 90.0 MPH)
|
Batting: LHB Willie Aikens
|
0-0: Ball 1-0: Foul Ball, location: 2F 1-1: Ball 2-1: SINGLE (Groundball, 5D, EV 103.8 MPH)
|
Batting: RHB Jeff Burroughs
|
0-0: Called Strike 0-1: Ball 1-1: Ball 2-1: Ball 3-1: Base on Balls Willie Aikens to second
|
Batting: LHB George Brett
|
0-0: SINGLE (Line Drive, 8LS, EV 96.3 MPH) Willie Aikens to third Jeff Burroughs to second Runner from 3rd tries for Home, SAFE, throw by CF to home
|
Batting: LHB Claudell Washington
|
0-0: Ball 1-0: Foul Ball, location: 2F 1-1: Foul Ball, location: 2F 1-2: Foul Ball, location: 2F 1-2: Foul Ball, location: 2F 1-2: SINGLE (Line Drive, 78M, EV 100.0 MPH) Jeff Burroughs to third George Brett to second Runner from 3rd tries for Home, throw by LF and OUT! 7-2
|
Batting: SHB Scotti Madison
|
0-0: Ball 1-0: Called Strike 1-1: Ball 2-1: Fly out, F8 (Flyball, 8LM, EV 94.4 MPH)
|
Top of the 1st over - 1 run, 3 hits, 0 errors, 2 left on base; Boston 1 - Cleveland 0 |
BOTTOM OF THE 1ST |
Cleveland Spiders batting - Pitching for Boston Red Sox : RHP Tom M Carroll
|
Pitching: RHP Tom M Carroll
|
|
Batting: LHB Terry Puhl
|
0-0: Fly out, F9 (Flyball, 9S, EV 85.0 MPH)
|
Batting: SHB Bump Wills
|
0-0: Called Strike 0-1: Fly out, F8 (Flyball, 89S, EV 90.0 MPH)
|
Batting: RHB Clayton Elliott
|
0-0: Called Strike 0-1: Fly out, F9 (Flyball, 9, EV 83.1 MPH)
|
Bottom of the 1st over - 0 runs, 0 hits, 0 errors, 0 left on base; Boston 1 - Cleveland 0 |
TOP OF THE 2ND |
Boston Red Sox batting - Pitching for Cleveland Spiders : RHP Richard Stumpp
|
Batting: RHB Richie Zisk
|
0-0: Swinging Strike 0-1: Foul Ball, location: 2F 0-2: Ball 1-2: Foul Ball, location: 2F 1-2: Ball 2-2: Foul Ball, location: 2F 2-2: SINGLE (Groundball, 6MD, EV 109.4 MPH)
|
Batting: LHB Daryl Sconiers
|
0-0: Called Strike 0-1: Fly out, F8 (Flyball, 8LS, EV 95.0 MPH)
|
Batting: RHB Kevin Klettke
|
0-0: Foul Ball, location: 2F 0-1: Ball 1-1: Ball 2-1: Ball 3-1: Swinging Strike 3-2: Fly out, F9 (Line Drive, 9D, EV 97.5 MPH)
|
Batting: SHB Nelson Norman
|
0-0: Foul Ball, location: 2F 0-1: Ball 1-1: Ball 2-1: Swinging Strike 2-2: Ball 3-2: Foul Ball, location: 2F 3-2: Fly out, F8 (Flyball, 89M, EV 95.6 MPH)
|
Top of the 2nd over - 0 runs, 1 hit, 0 errors, 1 left on base; Boston 1 - Cleveland 0 |
BOTTOM OF THE 2ND |
Cleveland Spiders batting - Pitching for Boston Red Sox : RHP Tom M Carroll
|
Batting: SHB Salvador Perez
|
0-0: Ball 1-0: Ball 2-0: SOLO HOME RUN (Flyball, 89XD, EV 92.5 MPH), Distance : 428 ft
|
Batting: RHB Alan Trammell
|
0-0: Swinging Strike 0-1: Foul Ball, location: 2F 0-2: Strikes out looking
|
Batting: RHB Tom Brunansky
|
0-0: Called Strike 0-1: Ball 1-1: Ground out 6-3 (Groundball, 6D, EV 84.4 MPH)
|
Batting: RHB Kevin Bell
|
0-0: Ball 1-0: Ball 2-0: Foul Ball, location: 2F 2-1: Called Strike 2-2: Ball 3-2: Foul Ball, location: 2F 3-2: Strikes out swinging
|
Bottom of the 2nd over - 1 run, 1 hit, 0 errors, 0 left on base; Boston 1 - Cleveland 1 |
TOP OF THE 3RD |
Boston Red Sox batting - Pitching for Cleveland Spiders : RHP Richard Stumpp
|
Batting: LHB Willie Aikens
|
0-0: SINGLE (Line Drive, 56D, EV 95.6 MPH)
|
Batting: RHB Jeff Burroughs
|
0-0: Called Strike 0-1: Called Strike 0-2: Foul Ball, location: 2F 0-2: Ball 1-2: Ball 2-2: Strikes out swinging
|
Batting: LHB George Brett
|
0-0: Called Strike 0-1: DOUBLE (Flyball, 89D, EV 97.5 MPH) Willie Aikens to third Runner from 3rd tries for Home, SAFE, throw by CF to home
|
Batting: LHB Claudell Washington
|
0-0: Ball 1-0: Foul Ball, location: 2F 1-1: Swinging Strike 1-2: Ball 2-2: Strikes out swinging
|
Batting: SHB Scotti Madison
|
0-0: Foul Ball, location: 2F 0-1: Called Strike 0-2: Foul Ball, location: 2F 0-2: Strikes out swinging
|
Top of the 3rd over - 1 run, 2 hits, 0 errors, 1 left on base; Boston 2 - Cleveland 1 |
BOTTOM OF THE 3RD |
Cleveland Spiders batting - Pitching for Boston Red Sox : RHP Tom M Carroll
|
Batting: RHB Lance Parrish
|
0-0: Ball 1-0: Foul Ball, location: 2F 1-1: Ball 2-1: Ball 3-1: Foul Ball, location: 2F 3-2: Foul Ball, location: 2F 3-2: Base on Balls
|
Batting: RHB Jesse Barfield
|
0-0: Ball 1-0: Called Strike 1-1: Fly out, F8 (Flyball, 89D, EV 93.1 MPH)
|
Batting: LHB Terry Puhl
|
0-0: Called Strike 0-1: Fielders Choice at 2nd, 6-4 (Groundball, 6, EV 89.4 MPH)
|
Batting: SHB Bump Wills
|
0-0: Ball Terry Puhl steals 2nd base (no throw) 1-0: Called Strike 1-1: Foul Ball, location: 2F 1-2: Ground out U3 (Groundball, 34, EV 98.8 MPH)
|
Bottom of the 3rd over - 0 runs, 0 hits, 0 errors, 1 left on base; Boston 2 - Cleveland 1 |
TOP OF THE 4TH |
Boston Red Sox batting - Pitching for Cleveland Spiders : RHP Richard Stumpp
|
Batting: RHB Richie Zisk
|
0-0: Ball 1-0: Called Strike 1-1: Ball 2-1: Ground out 5-3 (Groundball, 56S, EV 85.6 MPH)
|
Batting: LHB Daryl Sconiers
|
0-0: Called Strike 0-1: Ball 1-1: Ball 2-1: Foul Ball, location: 2F 2-2: Strikes out swinging
|
Batting: RHB Kevin Klettke
|
0-0: Fly out, F2 (Popup, 5SF, EV 71.3 MPH)
|
Top of the 4th over - 0 runs, 0 hits, 0 errors, 0 left on base; Boston 2 - Cleveland 1 |
BOTTOM OF THE 4TH |
Cleveland Spiders batting - Pitching for Boston Red Sox : RHP Tom M Carroll
|
Batting: RHB Clayton Elliott
|
0-0: Called Strike 0-1: Ball 1-1: Reached on error, E5 (Groundball, 56, EV 84.4 MPH)
|
Batting: SHB Salvador Perez
|
0-0: Ball 1-0: Ball 2-0: Called Strike 2-1: Foul Ball, location: 2F 2-2: Foul Ball, location: 2F 2-2: Fielders Choice at 2nd, 3-6 (Groundball, 3, EV 105.6 MPH)
|
Batting: RHB Alan Trammell
|
0-0: Called Strike 0-1: Called Strike 0-2: Ball 1-2: Grounds into double play, 3-6-3 (Groundball, 3S, EV 78.1 MPH)
|
Bottom of the 4th over - 0 runs, 0 hits, 1 error, 0 left on base; Boston 2 - Cleveland 1 |
TOP OF THE 5TH |
Boston Red Sox batting - Pitching for Cleveland Spiders : RHP Richard Stumpp
|
Batting: SHB Nelson Norman
|
0-0: Swinging Strike 0-1: Swinging Strike 0-2: Strikes out swinging
|
Batting: LHB Willie Aikens
|
0-0: Ball 1-0: Called Strike 1-1: SINGLE (Groundball, 4MS, EV 70.6 MPH) (infield hit)
|
Batting: RHB Jeff Burroughs
|
0-0: Called Strike 0-1: Foul Ball, location: 2F 0-2: SINGLE (Flyball, 3D, EV 94.4 MPH) Willie Aikens to second
|
Batting: LHB George Brett
|
0-0: Called Strike 0-1: Ball 1-1: Ball 2-1: Ball 3-1: Base on Balls Willie Aikens to third Jeff Burroughs to second
|
Batting: LHB Claudell Washington
|
0-0: Called Strike 0-1: Swinging Strike 0-2: Reached on error, E6 (Groundball, 6M, EV 89.4 MPH) Willie Aikens scores Jeff Burroughs to third George Brett to second
|
Batting: SHB Scotti Madison
|
0-0: Ball 1-0: Fly out, F9 (Line Drive, 9, EV 101.9 MPH) Runner from 3rd tags up, SCORES, throw by RF
|
Batting: RHB Richie Zisk
|
0-0: Foul Ball, location: 2F 0-1: Ball 1-1: Foul Ball, location: 2F 1-2: Ground out 4-3 (Groundball, 4, EV 93.8 MPH)
|
Top of the 5th over - 2 runs, 2 hits, 1 error, 2 left on base; Boston 4 - Cleveland 1 |
BOTTOM OF THE 5TH |
Cleveland Spiders batting - Pitching for Boston Red Sox : RHP Tom M Carroll
|
Batting: RHB Tom Brunansky
|
0-0: Ball 1-0: Fly out, F8 (Flyball, 8RD, EV 74.4 MPH)
|
Batting: RHB Kevin Bell
|
0-0: Swinging Strike 0-1: Foul Ball, location: 2F 0-2: Ball 1-2: Fly out, F8 (Flyball, 8RS, EV 88.1 MPH)
|
Batting: RHB Lance Parrish
|
0-0: Called Strike 0-1: Foul Ball, location: 2F 0-2: Ground out 6-3 (Groundball, 4MS, EV 86.9 MPH)
|
Bottom of the 5th over - 0 runs, 0 hits, 0 errors, 0 left on base; Boston 4 - Cleveland 1 |
TOP OF THE 6TH |
Boston Red Sox batting - Pitching for Cleveland Spiders : RHP Richard Stumpp
|
Batting: LHB Daryl Sconiers
|
0-0: Called Strike 0-1: Called Strike 0-2: Ball 1-2: Foul Ball, location: 2F 1-2: Foul Ball, location: 2F 1-2: Ball 2-2: Strikes out looking
|
Batting: RHB Kevin Klettke
|
0-0: Called Strike 0-1: Swinging Strike 0-2: Ground out 1-3 (Groundball, 34S, EV 67.5 MPH)
|
Batting: SHB Nelson Norman
|
0-0: Ball 1-0: Foul Ball, location: 2F 1-1: Ground out 5-3 (Groundball, 56S, EV 88.8 MPH)
|
Top of the 6th over - 0 runs, 0 hits, 0 errors, 0 left on base; Boston 4 - Cleveland 1 |
BOTTOM OF THE 6TH |
Cleveland Spiders batting - Pitching for Boston Red Sox : RHP Tom M Carroll
|
Batting: RHB Jesse Barfield
|
0-0: Foul Ball, location: 2F 0-1: Called Strike 0-2: Foul Ball, location: 2F 0-2: Foul Ball, location: 2F 0-2: Fly out, F6 (Flyball, 56D, EV 85.0 MPH)
|
Batting: LHB Terry Puhl
|
0-0: Called Strike 0-1: Ball 1-1: Ball 2-1: Ball 3-1: Fly out, F8 (Flyball, 78XD, EV 90.0 MPH)
|
Batting: SHB Bump Wills
|
0-0: Ball 1-0: Ball 2-0: Ball 3-0: Base on Balls
|
Batting: RHB Clayton Elliott
|
0-0: Ball 1-0: Called Strike 1-1: Called Strike 1-2: Ball 2-2: Fly out, F8 (Flyball, 8RS, EV 96.3 MPH)
|
Bottom of the 6th over - 0 runs, 0 hits, 0 errors, 1 left on base; Boston 4 - Cleveland 1 |
TOP OF THE 7TH |
Boston Red Sox batting - Pitching for Cleveland Spiders : RHP Richard Stumpp
|
Batting: LHB Willie Aikens
|
0-0: Called Strike 0-1: Called Strike 0-2: Strikes out swinging
|
Batting: RHB Jeff Burroughs
|
0-0: Ball 1-0: Ball 2-0: Ball 3-0: Called Strike 3-1: Foul Ball, location: 2F 3-2: Fly out, F9 (Flyball, 9S, EV 83.1 MPH)
|
Batting: LHB George Brett
|
0-0: Swinging Strike 0-1: Ball 1-1: Ball 2-1: Ball 3-1: Base on Balls
|
Pitching: RHP Steve McCatty
|
|
Batting: LHB Claudell Washington
|
0-0: Swinging Strike 0-1: Foul Ball, location: 2F 0-2: Ball 1-2: Ball 2-2: Ball 3-2: Foul Ball, location: 2F 3-2: Foul Ball, location: 2F 3-2: Strikes out swinging
|
Top of the 7th over - 0 runs, 0 hits, 0 errors, 1 left on base; Boston 4 - Cleveland 1 |
BOTTOM OF THE 7TH |
Cleveland Spiders batting - Pitching for Boston Red Sox : RHP Tom M Carroll
|
Batting: SHB Salvador Perez
|
0-0: Called Strike 0-1: Swinging Strike 0-2: Foul Ball, location: 2F 0-2: Ball 1-2: Ball 2-2: Foul Ball, location: 2F 2-2: Strikes out swinging
|
Batting: RHB Alan Trammell
|
0-0: Called Strike 0-1: Swinging Strike 0-2: Ball 1-2: Ground out 1-3 (Groundball, 15S, EV 73.1 MPH)
|
Batting: RHB Tom Brunansky
|
0-0: Called Strike 0-1: Ball 1-1: Ball 2-1: Foul Ball, location: 2F 2-2: Ball 3-2: Ground out 6-3 (Groundball, 6, EV 85.0 MPH)
|
Bottom of the 7th over - 0 runs, 0 hits, 0 errors, 0 left on base; Boston 4 - Cleveland 1 |
TOP OF THE 8TH |
Boston Red Sox batting - Pitching for Cleveland Spiders : RHP Steve McCatty
|
Batting: SHB Scotti Madison
|
0-0: Swinging Strike 0-1: Swinging Strike 0-2: Ball 1-2: Strikes out swinging
|
Batting: RHB Richie Zisk
|
0-0: Called Strike 0-1: Ball 1-1: Ball 2-1: SINGLE (Line Drive, 9S, EV 108.1 MPH)
|
Batting: LHB Daryl Sconiers
|
0-0: Ball 1-0: Swinging Strike 1-1: Grounds into double play, 6-4-3 (Groundball, 6, EV 91.9 MPH)
|
Top of the 8th over - 0 runs, 1 hit, 0 errors, 0 left on base; Boston 4 - Cleveland 1 |
BOTTOM OF THE 8TH |
Cleveland Spiders batting - Pitching for Boston Red Sox : RHP Tom M Carroll
|
Batting: RHB Kevin Bell
|
0-0: Called Strike 0-1: Ball 1-1: Called Strike 1-2: Fly out, F6 (Popup, 6, EV 60.6 MPH)
|
Batting: RHB Lance Parrish
|
0-0: Ground out 5-3 (Groundball, 5, EV 83.8 MPH)
|
Batting: RHB Jesse Barfield
|
0-0: Called Strike 0-1: Foul Ball, location: 2F 0-2: Ball 1-2: Ball 2-2: Strikes out swinging
|
Bottom of the 8th over - 0 runs, 0 hits, 0 errors, 0 left on base; Boston 4 - Cleveland 1 |
TOP OF THE 9TH |
Boston Red Sox batting - Pitching for Cleveland Spiders : RHP Steve McCatty
|
Batting: RHB Kevin Klettke
|
0-0: Swinging Strike 0-1: Ball 1-1: Reached on error, E1 (Groundball, 13, EV 62.5 MPH)
|
Batting: SHB Nelson Norman
|
0-0: Called Strike 0-1: Ball 1-1: Called Strike 1-2: Foul Ball, location: 2F 1-2: Ball 2-2: Ball 3-2: Foul Ball, location: 2F 3-2: Base on Balls
|
Batting: LHB Willie Aikens
|
0-0: Foul Ball, location: 2F 0-1: Ball 1-1: Ball 2-1: Foul Ball, location: 2F 2-2: Foul Ball, location: 2F 2-2: Grounds into double play, 3-6-3 (Groundball, 34, EV 93.1 MPH) Kevin Klettke to third
|
Batting: RHB Jeff Burroughs
|
0-0: Called Strike 0-1: SINGLE (Flyball, 34D, EV 91.3 MPH) Kevin Klettke scores
|
Batting: LHB George Brett
|
0-0: Ball 1-0: Foul Ball, location: 2F 1-1: Ground out 4-3 (Groundball, 4, EV 88.8 MPH)
|
Top of the 9th over - 1 run, 1 hit, 1 error, 1 left on base; Boston 5 - Cleveland 1 |
BOTTOM OF THE 9TH |
Cleveland Spiders batting - Pitching for Boston Red Sox : RHP Tom M Carroll
|
Pitching: LHP Gary Pickert
|
|
Batting: LHB Terry Puhl
|
0-0: Ball 1-0: Ground out 4-3 (Groundball, 4, EV 100.6 MPH)
|
Batting: SHB Bump Wills
|
0-0: Ball 1-0: Ball 2-0: Foul Ball, location: 2F 2-1: Reached on error, E6 (Groundball, 6, EV 90.6 MPH)
|
Batting: RHB Clayton Elliott
|
0-0: Called Strike 0-1: Swinging Strike 0-2: Foul Ball, location: 2F 0-2: Strikes out swinging
|
Batting: SHB Salvador Perez
|
0-0: Ball 1-0: Ball 2-0: Foul Ball, location: 2F 2-1: TRIPLE (Flyball, 78XD, EV 100.0 MPH) Bump Wills scores
|
Batting: RHB Alan Trammell
|
0-0: Fly out, F8 (Flyball, 78XD, EV 100.6 MPH)
|
Bottom of the 9th over - 1 run, 1 hit, 1 error, 1 left on base; Boston 5 - Cleveland 2 |
|